| TOP OF THE 1ST |
|
San Jose Giants batting - Pitching for Altoona Curve : LHP Ben Buerck
|
|
Pitching: LHP Ben Buerck
|
|
|
Batting: RHB Leon Alders
|
0-0: Called Strike 0-1: Ball 1-1: Foul Ball, location: 2F 1-2: SINGLE (Groundball, 6MD, EV 96.9 MPH)
|
|
Batting: RHB Chris Bittner
|
0-0: Ball 1-0: Called Strike 1-1: Ball Leon Alders steals 2nd base 2-1: Ball 3-1: Foul Ball, location: 2F 3-2: Foul Ball, location: 2F 3-2: Foul Ball, location: 2F 3-2: Base on Balls
|
|
Batting: RHB Laroya Foronda
|
0-0: Ball 1-0: Foul Ball, location: 2F 1-1: Ball 2-1: Ball 3-1: Base on Balls Leon Alders to third Chris Bittner to second
|
|
Batting: RHB Azedine Kirui
|
0-0: Ball 1-0: Called Strike 1-1: Ball 2-1: Foul Ball, location: 2F 2-2: Ball 3-2: Grounds into double play, 4-6-3 (Groundball, 4, EV 80.0 MPH) Leon Alders scores Chris Bittner to third
|
|
Batting: RHB Adam Noyes
|
0-0: Called Strike 0-1: Ball 1-1: Ball 2-1: Swinging Strike 2-2: Fly out, F8 (Flyball, 8LXD, EV 98.1 MPH)
|
| Top of the 1st over - 1 run, 1 hit, 0 errors, 1 left on base; San Jose 1 - Altoona 0 |
| BOTTOM OF THE 1ST |
|
Altoona Curve batting - Pitching for San Jose Giants : RHP Taylor Drews
|
|
Pitching: RHP Taylor Drews
|
|
|
Batting: RHB Terrence Wilson
|
0-0: Called Strike 0-1: Ball 1-1: Swinging Strike 1-2: Foul Ball, location: 2F 1-2: Strikes out swinging
|
|
Batting: LHB Carlos Vega
|
0-0: Ball 1-0: Foul Ball, location: 2F 1-1: Foul Ball, location: 2F 1-2: Ball 2-2: DOUBLE (Groundball, 3D, EV 105.6 MPH)
|
|
Batting: RHB Brandon White
|
0-0: Called Strike 0-1: Ball 1-1: SINGLE (Flyball, 8RS, EV 90.0 MPH) Carlos Vega to third
|
|
Batting: LHB Joe Wise
|
0-0: Called Strike 0-1: Ball 1-1: Foul Ball, location: 2F 1-2: Fly out, F9 (Line Drive, 89M, EV 103.1 MPH) Runner from 3rd tags up, SCORES, throw by RF
|
|
Batting: RHB Steve Terres
|
0-0: Swinging Strike 0-1: SINGLE (Flyball, 8RS, EV 93.8 MPH) Brandon White to second
|
|
Batting: LHB Mike Handrahan
|
0-0: Foul Ball, location: 2F 0-1: Ball 1-1: Foul Ball, location: 2F 1-2: SINGLE (Groundball, 34D, EV 103.8 MPH) Brandon White to third Steve Terres to second Runner from 3rd tries for Home, SAFE, throw by RF to home
|
|
Batting: RHB Tim Moore
|
0-0: SINGLE (Line Drive, 89M, EV 92.5 MPH) Steve Terres to third Mike Handrahan to second
|
|
Batting: RHB Jeff Edwards
|
0-0: Ball 1-0: Called Strike 1-1: Swinging Strike 1-2: Ball 2-2: Ball 3-2: Strikes out swinging
|
| Bottom of the 1st over - 2 runs, 5 hits, 0 errors, 3 left on base; San Jose 1 - Altoona 2 |
| TOP OF THE 2ND |
|
San Jose Giants batting - Pitching for Altoona Curve : LHP Ben Buerck
|
|
Batting: SHB David Beauchamp
|
0-0: Called Strike 0-1: Foul Ball, location: 2F 0-2: Ball 1-2: Foul Ball, location: 2F 1-2: Ground out 5-3 (Groundball, 56, EV 101.9 MPH)
|
|
Batting: LHB Steve Nevis
|
0-0: Called Strike 0-1: Foul Ball, location: 2F 0-2: Ball 1-2: Strikes out swinging
|
|
Batting: LHB Yeong-hun Joe
|
0-0: Called Strike 0-1: Ball 1-1: Called Strike 1-2: Strikes out swinging
|
| Top of the 2nd over - 0 runs, 0 hits, 0 errors, 0 left on base; San Jose 1 - Altoona 2 |
| BOTTOM OF THE 2ND |
|
Altoona Curve batting - Pitching for San Jose Giants : RHP Taylor Drews
|
|
Batting: RHB Joe Young
|
0-0: Ball 1-0: Fly out, F9 (Flyball, 9D, EV 99.4 MPH)
|
|
Batting: RHB Terrence Wilson
|
0-0: Swinging Strike 0-1: Ball 1-1: Called Strike 1-2: Strikes out swinging
|
|
Batting: LHB Carlos Vega
|
0-0: Foul Ball, location: 2F 0-1: Ball 1-1: Ball 2-1: Ball 3-1: Ground out 6-3 (Groundball, 6, EV 93.1 MPH)
|
| Bottom of the 2nd over - 0 runs, 0 hits, 0 errors, 0 left on base; San Jose 1 - Altoona 2 |
| TOP OF THE 3RD |
|
San Jose Giants batting - Pitching for Altoona Curve : LHP Ben Buerck
|
|
Batting: RHB Alex Belton
|
0-0: Ball 1-0: Called Strike 1-1: SINGLE (Groundball, 5D, EV 104.4 MPH)
|
|
Batting: RHB Leon Alders
|
0-0: Called Strike 0-1: Ball 1-1: Fielders Choice at 2nd, 4-6 (Groundball, 34, EV 82.5 MPH)
|
|
Batting: RHB Chris Bittner
|
0-0: Foul Ball, location: 2F 0-1: Called Strike Leon Alders steals 2nd base 0-2: Foul Ball, location: 2F 0-2: Strikes out swinging
|
|
Batting: RHB Laroya Foronda
|
0-0: Ball 1-0: Ball 2-0: Ball 3-0: Called Strike 3-1: SINGLE (Groundball, 4MD, EV 101.2 MPH) Leon Alders to third Runner from 3rd tries for Home, SAFE, throw by CF to home
|
|
Batting: RHB Azedine Kirui
|
0-0: Called Strike Laroya Foronda steals 2nd base (no throw) 0-1: Ball 1-1: Called Strike 1-2: Ball 2-2: Ball 3-2: DOUBLE (Line Drive, 8LXD, EV 112.5 MPH) Laroya Foronda scores
|
|
Batting: RHB Adam Noyes
|
0-0: SINGLE (Groundball, 34S, EV 68.1 MPH) (infield hit) Azedine Kirui to third
|
|
Batting: SHB David Beauchamp
|
0-0: Called Strike 0-1: Fielders Choice at 2nd, 6-4 (Groundball, 6, EV 88.1 MPH)
|
| Top of the 3rd over - 2 runs, 4 hits, 0 errors, 2 left on base; San Jose 3 - Altoona 2 |
| BOTTOM OF THE 3RD |
|
Altoona Curve batting - Pitching for San Jose Giants : RHP Taylor Drews
|
|
Batting: RHB Brandon White
|
0-0: Ground out 6-3 (Groundball, 6M, EV 104.4 MPH)
|
|
Batting: LHB Joe Wise
|
0-0: Called Strike 0-1: Swinging Strike 0-2: Ball 1-2: Strikes out looking
|
|
Batting: RHB Steve Terres
|
0-0: Called Strike 0-1: Ball 1-1: Ball 2-1: Foul Ball, location: 2F 2-2: Ground out 5-3 (Groundball, 56, EV 89.4 MPH)
|
| Bottom of the 3rd over - 0 runs, 0 hits, 0 errors, 0 left on base; San Jose 3 - Altoona 2 |
| TOP OF THE 4TH |
|
San Jose Giants batting - Pitching for Altoona Curve : LHP Ben Buerck
|
|
Batting: LHB Steve Nevis
|
0-0: Ball 1-0: Ball 2-0: Called Strike 2-1: Foul Ball, location: 2F 2-2: Ball 3-2: Foul Ball, location: 2F 3-2: Strikes out swinging
|
|
Batting: LHB Yeong-hun Joe
|
0-0: Ball 1-0: SINGLE (Flyball, 5D, EV 93.1 MPH)
|
|
Batting: RHB Alex Belton
|
0-0: Ball 1-0: Ball Yeong-hun Joe steals 2nd base (no throw) 2-0: Foul Ball, location: 2F 2-1: Fly out, F9 (Flyball, 9LM, EV 81.2 MPH)
|
|
Batting: RHB Leon Alders
|
0-0: Ball 1-0: Foul Ball, location: 2F 1-1: Ball 2-1: Called Strike 2-2: Foul Ball, location: 2F 2-2: Ground out 1-3 (Groundball, 13, EV 68.1 MPH)
|
| Top of the 4th over - 0 runs, 1 hit, 0 errors, 1 left on base; San Jose 3 - Altoona 2 |
| BOTTOM OF THE 4TH |
|
Altoona Curve batting - Pitching for San Jose Giants : RHP Taylor Drews
|
|
Batting: LHB Mike Handrahan
|
0-0: Called Strike 0-1: Ball 1-1: Ball 2-1: Swinging Strike 2-2: Ball 3-2: Foul Ball, location: 2F 3-2: Foul Ball, location: 2F 3-2: SOLO HOME RUN (Flyball, 89XD, EV 105.0 MPH), Distance : 412 ft
|
|
Batting: RHB Tim Moore
|
0-0: SINGLE (Line Drive, 6M, EV 107.5 MPH)
|
|
Batting: RHB Jeff Edwards
|
0-0: Called Strike 0-1: Grounds into double play, 4-6-3 (Groundball, 4M, EV 81.9 MPH)
|
|
Batting: RHB Joe Young
|
0-0: Ball 1-0: Ball 2-0: Foul Ball, location: 2F 2-1: Ground out 6-3 (Groundball, 6, EV 103.1 MPH)
|
| Bottom of the 4th over - 1 run, 2 hits, 0 errors, 0 left on base; San Jose 3 - Altoona 3 |
| TOP OF THE 5TH |
|
San Jose Giants batting - Pitching for Altoona Curve : LHP Ben Buerck
|
|
Batting: RHB Chris Bittner
|
0-0: Called Strike 0-1: Swinging Strike 0-2: Ball 1-2: Strikes out looking
|
|
Batting: RHB Laroya Foronda
|
0-0: Ball 1-0: Called Strike 1-1: Ball 2-1: Ball 3-1: Base on Balls
|
|
Batting: RHB Azedine Kirui
|
0-0: Called Strike Laroya Foronda steals 2nd base (no throw) 0-1: Ball 1-1: Ball 2-1: Foul Ball, location: 2F 2-2: Foul Ball, location: 2F 2-2: Ground out 4-3 (Groundball, 4MS, EV 86.9 MPH) Laroya Foronda to third
|
|
Pitching: RHP Dave Weinraub
|
|
|
Batting: RHB Adam Noyes
|
0-0: Ball 1-0: Called Strike 1-1: Foul Ball, location: 2F 1-2: Ball 2-2: Foul Ball, location: 2F 2-2: Foul Ball, location: 2F 2-2: Strikes out swinging
|
| Top of the 5th over - 0 runs, 0 hits, 0 errors, 1 left on base; San Jose 3 - Altoona 3 |
| BOTTOM OF THE 5TH |
|
Altoona Curve batting - Pitching for San Jose Giants : RHP Taylor Drews
|
|
Batting: RHB Terrence Wilson
|
0-0: Ball 1-0: Called Strike 1-1: Called Strike 1-2: Ball 2-2: Ball 3-2: Foul Ball, location: 2F 3-2: Strikes out looking
|
|
Batting: LHB Carlos Vega
|
0-0: Foul Ball, location: 2F 0-1: Ball 1-1: Ball 2-1: Called Strike 2-2: DOUBLE (Line Drive, 78M, EV 90.6 MPH)
|
|
Batting: RHB Brandon White
|
0-0: Ball 1-0: Called Strike 1-1: Ball 2-1: Foul Ball, location: 2F 2-2: Fly out, F8 (Flyball, 8LD, EV 90.6 MPH)
|
|
Batting: LHB Joe Wise
|
0-0: Intentional Walk
|
|
Batting: RHB Steve Terres
|
0-0: Foul Ball, location: 2F 0-1: Ball 1-1: Foul Ball, location: 2F 1-2: SINGLE (Groundball, 34D, EV 109.4 MPH) Carlos Vega to third Joe Wise to second Runner from 3rd tries for Home, throw by RF and OUT! 9-2
|
| Bottom of the 5th over - 0 runs, 2 hits, 0 errors, 2 left on base; San Jose 3 - Altoona 3 |
| TOP OF THE 6TH |
|
San Jose Giants batting - Pitching for Altoona Curve : RHP Dave Weinraub
|
|
Batting: SHB David Beauchamp
|
0-0: Ball 1-0: Called Strike 1-1: Fly out, F7 (Flyball, 7D, EV 100.6 MPH)
|
|
Batting: LHB Steve Nevis
|
0-0: Foul Ball, location: 2F 0-1: Ball 1-1: Fly out, F8 (Flyball, 8LS, EV 90.0 MPH)
|
|
Batting: LHB Yeong-hun Joe
|
0-0: Ground out 4-3 (Groundball, 4, EV 90.0 MPH)
|
| Top of the 6th over - 0 runs, 0 hits, 0 errors, 0 left on base; San Jose 3 - Altoona 3 |
| BOTTOM OF THE 6TH |
|
Altoona Curve batting - Pitching for San Jose Giants : RHP Taylor Drews
|
|
Batting: LHB Mike Handrahan
|
0-0: Swinging Strike 0-1: Ground out 4-3 (Groundball, 34, EV 91.2 MPH)
|
|
Batting: RHB Tim Moore
|
0-0: Called Strike 0-1: Swinging Strike 0-2: Strikes out swinging
|
|
Batting: RHB Jeff Edwards
|
0-0: Ball 1-0: Foul Ball, location: 2F 1-1: Called Strike 1-2: Foul Ball, location: 2F 1-2: Ball 2-2: Ball 3-2: SOLO HOME RUN (Flyball, 7D, EV 104.4 MPH), Distance : 398 ft
|
|
Batting: RHB Joe Young
|
0-0: Ball 1-0: DOUBLE (Line Drive, 78D, EV 106.2 MPH)
|
|
Pitching: RHP Julio Arteaga
|
|
|
Batting: RHB Terrence Wilson
|
0-0: Foul Ball, location: 2F 0-1: Ball 1-1: Foul Ball, location: 2F 1-2: Ground out 4-3 (Groundball, 4, EV 82.5 MPH)
|
| Bottom of the 6th over - 1 run, 2 hits, 0 errors, 1 left on base; San Jose 3 - Altoona 4 |
| TOP OF THE 7TH |
|
San Jose Giants batting - Pitching for Altoona Curve : RHP Dave Weinraub
|
|
Pinch Hitting: LHB Ho-win Zhou
|
0-0: Ground out 1-3 (Groundball, 13S, EV 69.4 MPH)
|
|
Batting: RHB Leon Alders
|
0-0: Ball 1-0: Swinging Strike 1-1: Ball 2-1: Foul Ball, location: 2F 2-2: Foul Ball, location: 2F 2-2: Foul Ball, location: 2F 2-2: Strikes out swinging
|
|
Batting: RHB Chris Bittner
|
0-0: SINGLE (Line Drive, 89S, EV 90.6 MPH)
|
|
Batting: RHB Laroya Foronda
|
0-0: Fly out, F6 (Popup, 4M, EV 58.8 MPH)
|
| Top of the 7th over - 0 runs, 1 hit, 0 errors, 1 left on base; San Jose 3 - Altoona 4 |
| BOTTOM OF THE 7TH |
|
Altoona Curve batting - Pitching for San Jose Giants : RHP Julio Arteaga
|
|
Now at 3B: Guillermo Mojica
|
|
|
Batting: LHB Carlos Vega
|
0-0: Ball 1-0: Ball 2-0: Called Strike 2-1: Foul Ball, location: 2F 2-2: Ball 3-2: Strikes out swinging
|
|
Batting: RHB Brandon White
|
0-0: Swinging Strike 0-1: Foul Ball, location: 2F 0-2: Strikes out swinging
|
|
Batting: LHB Joe Wise
|
0-0: Called Strike 0-1: Called Strike 0-2: Ground out 6-3 (Groundball, 6, EV 90.6 MPH)
|
| Bottom of the 7th over - 0 runs, 0 hits, 0 errors, 0 left on base; San Jose 3 - Altoona 4 |
| TOP OF THE 8TH |
|
San Jose Giants batting - Pitching for Altoona Curve : RHP Dave Weinraub
|
|
Pitching: LHP Mike Alcaraz
|
|
|
Batting: RHB Azedine Kirui
|
0-0: Ball 1-0: Ground out 4-3 (Groundball, 34, EV 106.9 MPH)
|
|
Batting: RHB Adam Noyes
|
0-0: Called Strike 0-1: Swinging Strike 0-2: Strikes out looking
|
|
Batting: SHB David Beauchamp
|
0-0: Ball 1-0: Foul Ball, location: 2F 1-1: Ball 2-1: Swinging Strike 2-2: Ball 3-2: Strikes out swinging
|
| Top of the 8th over - 0 runs, 0 hits, 0 errors, 0 left on base; San Jose 3 - Altoona 4 |
| BOTTOM OF THE 8TH |
|
Altoona Curve batting - Pitching for San Jose Giants : RHP Julio Arteaga
|
|
Batting: RHB Steve Terres
|
0-0: Called Strike 0-1: Ball 1-1: Ball 2-1: Ball 3-1: Ground out 1-3 (Groundball, 15, EV 66.2 MPH)
|
|
Batting: LHB Mike Handrahan
|
0-0: Called Strike 0-1: Swinging Strike 0-2: Strikes out swinging
|
|
Batting: RHB Tim Moore
|
0-0: Foul Ball, location: 2F 0-1: Swinging Strike 0-2: Ball 1-2: Foul Ball, location: 2F 1-2: Ball 2-2: Ground out U3 (Groundball, 34, EV 82.5 MPH)
|
| Bottom of the 8th over - 0 runs, 0 hits, 0 errors, 0 left on base; San Jose 3 - Altoona 4 |
| TOP OF THE 9TH |
|
San Jose Giants batting - Pitching for Altoona Curve : LHP Mike Alcaraz
|
|
Pitching: RHP Joe Simanton
|
|
|
Batting: LHB Steve Nevis
|
0-0: SINGLE (Line Drive, 4D, EV 95.0 MPH)
|
|
Batting: LHB Yeong-hun Joe
|
0-0: Bunted foul 0-1: Bunted foul 0-2: Ball 1-2: Strikes out swinging
|
|
Batting: RHB Guillermo Mojica
|
0-0: Called Strike 0-1: Ball 1-1: Ball 2-1: Grounds into double play, 6-4-3 (Groundball, 6, EV 104.4 MPH)
|
| Top of the 9th over - 0 runs, 1 hit, 0 errors, 0 left on base; San Jose 3 - Altoona 4 |
|